 Dungeon Crawl Stone Soup version 0.24.0-13-gcf9b319 (webtiles) character file.

Game seed: 9272870279595723208, levelgen mode: deterministic

2 Dharzhak the Magician (level 1, -2/20 HPs)
             Began as a Gnoll Wanderer on Nov 13, 2019.
             Slain by a jackal (3 damage)
             ... on level 1 of the Dungeon.
             The game lasted 00:01:05 (37 turns).

Dharzhak the Magician (Gnoll Wanderer)                Turns: 37, Time: 00:01:06

Health: -2/20      AC:  2    Str: 16    XL:     1   Next: 40%
Magic:  6/6        EV: 12    Int: 13    God:
Gold:   0          SH:  0    Dex: 13    Spells: 8/9 levels left

rFire    . . .     SeeInvis .   a - +0 club
rCold    . . .     Gourm    .   (no shield)
rNeg     . . .     Faith    .   d - +0 robe
rPois    .         Spirit   .   (no helmet)
rElec    .         Reflect  .   (no cloak)
rCorr    .         Harm     .   (no gloves)
MR       .....                  (no boots)
Stlth    ++........             (no amulet)
HPRegen  0.06/turn              (no ring)
MPRegen  0.10/turn              (no ring)

@: no status effects
A: distributed training, fangs 1, strong nose
a: no special abilities


You were on level 1 of the Dungeon.
You were not hungry.

You visited 1 branch of the dungeon, and saw 1 of its levels.

Inventory:

Hand Weapons
 a - a +0 club (weapon)
 c - a +0 dagger
Armour
 d - a +0 robe (worn)
Comestibles
 b - 2 chunks of flesh
 f - a ration


   Skills:
 + Level 4.4 Fighting
 + Level 0.0 Short Blades
 + Level 0.0 Long Blades
 + Level 0.0 Axes
 + Level 0.0 Maces & Flails
 + Level 0.0 Polearms
 + Level 0.0 Staves
 + Level 0.0 Slings
 + Level 0.0 Bows
 + Level 0.0 Crossbows
 + Level 0.0 Throwing
 + Level 0.0 Armour
 + Level 2.3 Dodging
 + Level 2.1 Stealth
 + Level 2.3 Shields
 + Level 0.0 Unarmed Combat
 + Level 4.8 Spellcasting
 + Level 0.0 Conjurations
 + Level 0.0 Hexes
 + Level 0.0 Charms
 + Level 0.0 Summonings
 + Level 0.0 Necromancy
 + Level 0.0 Translocations
 + Level 3.6 Transmutations
 + Level 0.0 Fire Magic
 + Level 0.0 Ice Magic
 + Level 0.0 Air Magic
 + Level 1.9 Earth Magic
 + Level 0.0 Poison Magic
 + Level 0.1 Invocations
 + Level 0.0 Evocations


You had 8 spell levels left.
You knew the following spells:

 Your Spells              Type           Power        Failure   Level  Hunger
a - Beastly Appendage     Tmut           ##....       4%          1    None

Your spell library contained the following spells:

 Spells                   Type           Power        Failure   Level  Hunger
 Sticks to Snakes         Tmut           ##......     6%          2    ##.....
 Sting                    Conj/Pois      #...         19%         1    None
 Spider Form              Tmut/Pois      #.........   26%         3    ###....
 Shroud of Golubria       Chrm/Tloc      #.....       28%         2    ##.....
 Swiftness                Chrm/Air       #.......     28%         2    ##.....
 Mephitic Cloud           Conj/Pois/Air  #.......     50%         3    ###....
 Ice Form                 Ice/Tmut       #.......     65%         4    ####...
 Blade Hands              Tmut           ##........   75%         5    ######.


Dungeon Overview and Level Annotations

Branches:
Dungeon (1/15)

Altars:


Innate Abilities, Weirdness & Mutations

Your experience applies equally to all skills.
You have very sharp teeth.
Your uncanny sense of smell can sniff out nearby items.


Message History

The stone barely misses you. The jackal bites you.
* * * LOW HITPOINT WARNING * * *
The jackal barely misses you. The jackal barely misses you.
The jackal closely misses you.
The jackal bites you but does no damage.
The jackal closely misses you.
There is a staircase leading out of the dungeon here.
The jackal bites you.
* * * LOW HITPOINT WARNING * * *
A frilled lizard comes into view.
The jackal misses you.
The jackal bites you but does no damage.
The jackal barely misses you. The jackal bites you.
* * * LOW HITPOINT WARNING * * *
The jackal bites you but does no damage.
You closely miss the jackal.
The jackal bites you but does no damage.
The jackal bites you.
You die...

.. ##... # ..#.. ..
....# ..l ....# ....
#....# .....##
###†....#
#....[.#######.÷....#
#....@hK....).###...
....###hh....(###......
. ....#######.......##
#... ...##### #### ####


You could see 3 jackals and a kobold.

Vanquished Creatures
  A jackal (D:1)
  2 goblins (D:1)
3 creatures vanquished.

Notes
Turn   | Place    | Note
-------+----------+-------------------------------------------
     0 | D:1      | Dharzhak the Gnoll Wanderer began the quest for the Orb.
     0 | D:1      | Dharzhak set off with the following items: a +0 club, a +0
                  | robe, a ration; and the following spells available to
                  | memorise: Beastly Appendage, Sticks to Snakes, Sting,
                  | Spider Form, Shroud of Golubria, Swiftness, Mephitic Cloud,
                  | Ice Form, Blade Hands
     0 | D:1      | Reached XP level 1. HP: 20/20 MP: 6/6
     2 | D:1      | Learned a level 1 spell: Beastly Appendage
    36 | D:1      | HP: 1/20 [jackal (1)]
    37 | D:1      | Slain by a jackal

Levels and vault maps discovered:
D:1:      dpeg_arrival_oval, layout_basic, corexii_corridor_pit

Action                   || total
-------------------------++-------
Melee: Club              ||    15
       Bite              ||     2
 Cast: Beastly Appendage ||     1
Armor: Robe              ||     4
Dodge: Dodged            ||    25
